AAA
ANNAPOLIS ADMIRALS @ WINSTON-SALEM WARTHOGS
06/10/2060
 
TOP OF THE 1ST
Annapolis Admirals batting - Pitching for Winston-Salem Warthogs : RHP Joey Jonas
Pitching: RHP Joey Jonas
Batting: LHB Nathan Bell 0-0: Called Strike
0-1: Ball
1-1: Called Strike
1-2: Strikes out swinging
Batting: RHB Braden Sacks 0-0: Called Strike
0-1: Ball
1-1: Ball
2-1: Foul Ball, location: 2F
2-2: Foul Ball, location: 2F
2-2: Ball
3-2: Strikes out looking
Batting: LHB Kentrellis Donciu 0-0: Ball
1-0: Ball
2-0: Fly out, F7 (Flyball, 7D, EV 95.6 MPH)
Top of the 1st over - 0 runs, 0 hits, 0 errors, 0 left on base; Annapolis 0 - Winston-Salem 0
BOTTOM OF THE 1ST
Winston-Salem Warthogs batting - Pitching for Annapolis Admirals : RHP Israel Schindler
Pitching: RHP Israel Schindler
Batting: LHB Felton Kirt 0-0: Swinging Strike
0-1: Ball
1-1: Ball
2-1: Ball
3-1: Base on Balls
Batting: RHB Dominick Booth 0-0: Called Strike
Felton Kirt is caught stealing 2nd base 2-4
0-1: Called Strike
0-2: Foul Ball, location: 2F
0-2: SINGLE (Groundball, 56, EV 97.5 MPH)
Batting: LHB Sean Castelli 0-0: Called Strike
0-1: Ball
1-1: Ball
2-1: Ball
3-1: Foul Ball, location: 2F
3-2: Strikes out swinging
Batting: SHB Tommy Pettyjohn 0-0: Foul Ball, location: 2F
0-1: Foul Ball, location: 2F
0-2: SINGLE (Flyball, 6D, EV 82.5 MPH)
Dominick Booth to second
Batting: RHB Johnathan Shillito 0-0: Ball
1-0: Swinging Strike
1-1: Foul Ball, location: 2F
1-2: Ball
2-2: Strikes out swinging
Bottom of the 1st over - 0 runs, 2 hits, 0 errors, 2 left on base; Annapolis 0 - Winston-Salem 0
TOP OF THE 2ND
Annapolis Admirals batting - Pitching for Winston-Salem Warthogs : RHP Joey Jonas
Batting: LHB Gregg Flores 0-0: Foul Ball, location: 2F
0-1: Foul Ball, location: 2F
0-2: Ball
1-2: Ball
2-2: SINGLE (Groundball, 6MD, EV 99.4 MPH)
Batting: RHB Trey Densmore 0-0: Called Strike
0-1: Called Strike
0-2: Foul Ball, location: 2F
0-2: Strikes out swinging
Batting: LHB Charlie Estes 0-0: Called Strike
0-1: Fly out, F8 (Line Drive, 8RM, EV 85.6 MPH)
Batting: RHB Sonny Zidane 0-0: Called Strike
0-1: Ball
1-1: Ball
2-1: Ball
3-1: Fly out, F7 (Line Drive, 7LM, EV 95.6 MPH)
Top of the 2nd over - 0 runs, 1 hit, 0 errors, 1 left on base; Annapolis 0 - Winston-Salem 0
BOTTOM OF THE 2ND
Winston-Salem Warthogs batting - Pitching for Annapolis Admirals : RHP Israel Schindler
Batting: LHB Stefan Ciolino 0-0: Swinging Strike
0-1: Called Strike
0-2: Strikes out swinging
Batting: RHB Kyle Patri 0-0: Called Strike
0-1: SINGLE (Line Drive, 6MD, EV 105.0 MPH)
Batting: RHB Allen Stoll 0-0: Foul Ball, location: 2F
0-1: Ball
1-1: Ball
2-1: Grounds into double play, 4-6-3 (Groundball, 4S, EV 85.6 MPH)
Bottom of the 2nd over - 0 runs, 1 hit, 0 errors, 0 left on base; Annapolis 0 - Winston-Salem 0
TOP OF THE 3RD
Annapolis Admirals batting - Pitching for Winston-Salem Warthogs : RHP Joey Jonas
Batting: LHB L.G. Clia 0-0: Ground out 4-3 (Groundball, 4, EV 81.2 MPH)
Batting: RHB Antonio Boyle 0-0: Reached on error, E6 (Groundball, 6, EV 108.1 MPH)
Batting: LHB Nathan Bell 0-0: Called Strike
0-1: SINGLE (Groundball, 25, EV 70.0 MPH) (infield hit)
Antonio Boyle to third
Batting: RHB Braden Sacks 0-0: Foul Ball, location: 2F
0-1: Ball
1-1: Called Strike
Nathan Bell steals 2nd base
1-2: SINGLE (Line Drive, 78M, EV 96.9 MPH)
Antonio Boyle scores
Nathan Bell to third
Batting: LHB Kentrellis Donciu 0-0: Foul Ball, location: 2F
0-1: Foul Ball, location: 2F
0-2: Strikes out swinging
Batting: LHB Gregg Flores 0-0: Foul Ball, location: 2F
0-1: Called Strike
Braden Sacks steals 2nd base
0-2: Strikes out looking
Top of the 3rd over - 1 run, 2 hits, 1 error, 2 left on base; Annapolis 1 - Winston-Salem 0
BOTTOM OF THE 3RD
Winston-Salem Warthogs batting - Pitching for Annapolis Admirals : RHP Israel Schindler
Batting: RHB Todd Abarca 0-0: Ball
1-0: Called Strike
1-1: SINGLE (Groundball, 6D, EV 107.5 MPH)
Batting: LHB Felton Kirt 0-0: Called Strike
0-1: Called Strike
0-2: Ball
1-2: Grounds into double play, 4-6-3 (Groundball, 4, EV 76.9 MPH)
Batting: RHB Dominick Booth 0-0: Ground out 5-3 (Groundball, 5, EV 109.4 MPH)
Bottom of the 3rd over - 0 runs, 1 hit, 0 errors, 0 left on base; Annapolis 1 - Winston-Salem 0
TOP OF THE 4TH
Annapolis Admirals batting - Pitching for Winston-Salem Warthogs : RHP Joey Jonas
Batting: RHB Trey Densmore 0-0: Ball
1-0: Ball
2-0: Called Strike
2-1: SINGLE (Groundball, 4MD, EV 100.6 MPH) (infield hit)
Batting: LHB Charlie Estes 0-0: Ball
Trey Densmore is caught stealing 2nd base 2-6
1-0: Ball
2-0: Fly out, F7 (Flyball, 7, EV 89.4 MPH)
Batting: RHB Sonny Zidane 0-0: Called Strike
0-1: Ball
1-1: Ball
2-1: Ball
3-1: Foul Ball, location: 2F
3-2: Foul Ball, location: 2F
3-2: Foul Ball, location: 2F
3-2: Foul Ball, location: 2F
3-2: Strikes out looking
Top of the 4th over - 0 runs, 1 hit, 0 errors, 0 left on base; Annapolis 1 - Winston-Salem 0
BOTTOM OF THE 4TH
Winston-Salem Warthogs batting - Pitching for Annapolis Admirals : RHP Israel Schindler
Batting: LHB Sean Castelli 0-0: Foul Ball, location: 2F
0-1: Foul Ball, location: 2F
0-2: Ball
1-2: Foul Ball, location: 2F
1-2: Ball
2-2: Fly out, F8 (Flyball, 8LD, EV 86.2 MPH)
Batting: SHB Tommy Pettyjohn 0-0: Swinging Strike
0-1: Ball
1-1: Ball
2-1: Swinging Strike
2-2: Ball
3-2: Base on Balls
Batting: RHB Johnathan Shillito 0-0: Called Strike
0-1: Ball
1-1: Fly out, F9 (Flyball, 9, EV 76.9 MPH)
Batting: LHB Stefan Ciolino 0-0: Ball
1-0: Fielders Choice at 2nd, 6-4 (Groundball, 6, EV 80.6 MPH)
Bottom of the 4th over - 0 runs, 0 hits, 0 errors, 1 left on base; Annapolis 1 - Winston-Salem 0
TOP OF THE 5TH
Annapolis Admirals batting - Pitching for Winston-Salem Warthogs : RHP Joey Jonas
Batting: LHB L.G. Clia 0-0: Called Strike
0-1: Ball
1-1: Fly out, F4 (Popup, 4MD, EV 49.4 MPH)
Batting: RHB Antonio Boyle 0-0: Foul Ball, location: 2F
0-1: Foul Ball, location: 2F
0-2: Ball
1-2: Ball
2-2: Strikes out looking
Batting: LHB Nathan Bell 0-0: Ball
1-0: Ball
2-0: Swinging Strike
2-1: Ball
3-1: Base on Balls
Batting: RHB Braden Sacks 0-0: Ball
1-0: Called Strike
1-1: Ball
2-1: Foul Ball, location: 2F
2-2: Ball
3-2: Foul Ball, location: 2F
3-2: SINGLE (Groundball, 6D, EV 96.9 MPH)
Nathan Bell to second
Nathan Bell to third
Batting: LHB Kentrellis Donciu 0-0: Fielders Choice at 2nd, 6-4 (Groundball, 6, EV 79.4 MPH)
Top of the 5th over - 0 runs, 1 hit, 0 errors, 2 left on base; Annapolis 1 - Winston-Salem 0
BOTTOM OF THE 5TH
Winston-Salem Warthogs batting - Pitching for Annapolis Admirals : RHP Israel Schindler
Batting: RHB Kyle Patri 0-0: Ball
1-0: Called Strike
1-1: Ball
2-1: Ball
3-1: Base on Balls
Batting: RHB Allen Stoll 0-0: Sac Bunt to 2R - play at first, batter OUT! 2-3
Kyle Patri to second
Batting: RHB Todd Abarca 0-0: Called Strike
0-1: Fly out, F9 (Flyball, 89XD, EV 80.0 MPH)
Runner from 2nd tags up, SAFE at 3rd, no throw by RF
Batting: LHB Felton Kirt 0-0: Called Strike
0-1: Ball
1-1: Ball
2-1: Foul Ball, location: 2F
2-2: Foul Ball, location: 2F
2-2: Ball
3-2: DOUBLE (Line Drive, 9LM, EV 103.8 MPH)
Kyle Patri scores
Batting: RHB Dominick Booth 0-0: Called Strike
0-1: DOUBLE (Line Drive, 3D, EV 97.5 MPH)
Felton Kirt scores
Batting: LHB Sean Castelli 0-0: Ball
1-0: Ball
2-0: Called Strike
2-1: Ball
3-1: Base on Balls
Batting: SHB Tommy Pettyjohn 0-0: Ball
1-0: Called Strike
1-1: Foul Ball, location: 2F
1-2: Foul Ball, location: 2F
1-2: Strikes out swinging
Bottom of the 5th over - 2 runs, 2 hits, 0 errors, 2 left on base; Annapolis 1 - Winston-Salem 2
TOP OF THE 6TH
Annapolis Admirals batting - Pitching for Winston-Salem Warthogs : RHP Joey Jonas
Batting: LHB Gregg Flores 0-0: Called Strike
0-1: Called Strike
0-2: Ball
1-2: Foul Ball, location: 2F
1-2: SINGLE (Line Drive, 7S, EV 110.6 MPH)
Batting: RHB Trey Densmore 0-0: Ball
1-0: SINGLE (Groundball, 6MD, EV 100.6 MPH)
Gregg Flores to second
Runner from 2nd tries for 3rd, SAFE, throw by CF made to third
Trey Densmore to second
Batting: LHB Charlie Estes 0-0: Ground out U3 (Groundball, 3, EV 86.9 MPH)
Batting: RHB Sonny Zidane 0-0: Ball
1-0: SINGLE (Line Drive, 6MD, EV 97.5 MPH)
Gregg Flores scores
Trey Densmore to third
Batting: LHB L.G. Clia 0-0: Called Strike
0-1: Ball
1-1: Ball
2-1: Foul Ball, location: 2F
2-2: Foul Ball, location: 2F
2-2: Foul Ball, location: 2F
2-2: Strikes out swinging
Batting: RHB Antonio Boyle 0-0: Ball
1-0: Called Strike
1-1: Foul Ball, location: 2F
1-2: Ball
2-2: SINGLE (Line Drive, 89M, EV 90.6 MPH)
Trey Densmore scores
Sonny Zidane to second
Runner from 2nd tries for 3rd, SAFE, throw by RF made to third
Batting: LHB Nathan Bell 0-0: Ball
1-0: Called Strike
1-1: Ball
2-1: Foul Ball, location: 2F
2-2: Ground out 4-3 (Groundball, 4, EV 84.4 MPH)
Top of the 6th over - 2 runs, 4 hits, 0 errors, 2 left on base; Annapolis 3 - Winston-Salem 2
BOTTOM OF THE 6TH
Winston-Salem Warthogs batting - Pitching for Annapolis Admirals : RHP Israel Schindler
Batting: RHB Johnathan Shillito 0-0: Ball
1-0: Swinging Strike
1-1: Swinging Strike
1-2: Foul Ball, location: 2F
1-2: Ball
2-2: Ball
3-2: Foul Ball, location: 2F
3-2: Strikes out looking
Batting: LHB Stefan Ciolino 0-0: Foul Ball, location: 2F
0-1: Called Strike
0-2: Hit by Pitch
Batting: RHB Kyle Patri 0-0: Called Strike
0-1: Ball
Stefan Ciolino is caught stealing 2nd base 2-4
1-1: Called Strike
1-2: Foul Ball, location: 2F
1-2: Fly out, F5 (Popup, 5S, EV 77.5 MPH)
Bottom of the 6th over - 0 runs, 0 hits, 0 errors, 0 left on base; Annapolis 3 - Winston-Salem 2
TOP OF THE 7TH
Annapolis Admirals batting - Pitching for Winston-Salem Warthogs : RHP Joey Jonas
Pitching: RHP Huck Christopher
Batting: RHB Braden Sacks 0-0: Ball
1-0: Ball
2-0: Ball
3-0: Base on Balls
Batting: LHB Kentrellis Donciu 0-0: Called Strike
Braden Sacks steals 2nd base (no throw)
0-1: Swinging Strike
0-2: Ball
1-2: Strikes out swinging
Batting: LHB Gregg Flores 0-0: Called Strike
0-1: Called Strike
0-2: Ball
1-2: Ball
2-2: Foul Ball, location: 2F
2-2: Ball
Wild Pitch!
Braden Sacks to third
3-2: Foul Ball, location: 2F
3-2: Foul Ball, location: 2F
3-2: Strikes out swinging
Batting: RHB Trey Densmore 0-0: Ball
1-0: Foul Ball, location: 2F
1-1: Fly out, F8 (Flyball, 89M, EV 88.1 MPH)
Top of the 7th over - 0 runs, 0 hits, 0 errors, 1 left on base; Annapolis 3 - Winston-Salem 2
BOTTOM OF THE 7TH
Winston-Salem Warthogs batting - Pitching for Annapolis Admirals : RHP Israel Schindler
Pitching: LHP Chase Clawson
Batting: RHB Allen Stoll 0-0: SINGLE (Groundball, 6MD, EV 108.1 MPH)
Batting: RHB Todd Abarca 0-0: Ball
1-0: Swinging Strike
1-1: Bunted foul
1-2: Foul Ball, location: 2F
1-2: Ball
2-2: SINGLE (Line Drive, 89S, EV 94.4 MPH)
Allen Stoll to second
Runner from 2nd tries for 3rd, SAFE, throw by RF made to third
Pinch Hitting: RHB Bryson Brinn 0-0: Ball
1-0: Foul Ball, location: 2F
1-1: Foul Ball, location: 2F
1-2: Strikes out looking
Batting: RHB Dominick Booth 0-0: Ball
1-0: Ball
2-0: Ball
3-0: Base on Balls
Todd Abarca to second
Batting: LHB Sean Castelli 0-0: Ball
1-0: Ball
2-0: Called Strike
2-1: Ball
3-1: Foul Ball, location: 2F
3-2: Base on Balls
Allen Stoll scores
Todd Abarca to third
Dominick Booth to second
Batting: SHB Tommy Pettyjohn 0-0: Swinging Strike
0-1: Swinging Strike
0-2: Strikes out swinging
Batting: RHB Johnathan Shillito 0-0: Foul Ball, location: 2F
0-1: Ball
1-1: Ball
2-1: Ball
3-1: Foul Ball, location: 2F
3-2: Base on Balls
Todd Abarca scores
Dominick Booth to third
Sean Castelli to second
Batting: LHB Stefan Ciolino 0-0: SINGLE (Groundball, 4M, EV 105.0 MPH) (infield hit)
Dominick Booth scores
Sean Castelli to third
Johnathan Shillito to second
Batting: RHB Kyle Patri 0-0: Called Strike
0-1: Foul Ball, location: 2F
0-2: Ground out 4-3 (Groundball, 4, EV 83.8 MPH)
Bottom of the 7th over - 3 runs, 3 hits, 0 errors, 3 left on base; Annapolis 3 - Winston-Salem 5
TOP OF THE 8TH
Annapolis Admirals batting - Pitching for Winston-Salem Warthogs : RHP Huck Christopher
Now at 2B: Bryson Brinn
Now at SS: Dominick Booth
Now in CF: Allen Stoll
Batting: LHB Charlie Estes 0-0: Ball
1-0: Fly out, F9 (Flyball, 89M, EV 98.1 MPH)
Batting: RHB Sonny Zidane 0-0: Ball
1-0: Fly out, F8 (Flyball, 8LM, EV 83.8 MPH)
Batting: LHB L.G. Clia 0-0: Ball
1-0: Called Strike
1-1: Swinging Strike
1-2: Ball
2-2: Ball
3-2: Foul Ball, location: 2F
3-2: Foul Ball, location: 2F
3-2: Base on Balls
Batting: RHB Antonio Boyle 0-0: Ball
1-0: Foul Ball, location: 2F
1-1: Ball
2-1: Fly out, F7 (Line Drive, 7S, EV 95.0 MPH)
Top of the 8th over - 0 runs, 0 hits, 0 errors, 1 left on base; Annapolis 3 - Winston-Salem 5
BOTTOM OF THE 8TH
Winston-Salem Warthogs batting - Pitching for Annapolis Admirals : LHP Chase Clawson
Pitching: LHP Jonas Zimmerman
Batting: RHB Allen Stoll 0-0: Ball
1-0: Ball
2-0: Called Strike
2-1: Fly out, F3 (Line Drive, 3, EV 63.1 MPH)
Batting: RHB Todd Abarca 0-0: Ball
1-0: Ground out 1-3 (Groundball, 23, EV 65.6 MPH)
Batting: RHB Bryson Brinn 0-0: Ground out 5-3 (Groundball, 56, EV 82.5 MPH)
Bottom of the 8th over - 0 runs, 0 hits, 0 errors, 0 left on base; Annapolis 3 - Winston-Salem 5
TOP OF THE 9TH
Annapolis Admirals batting - Pitching for Winston-Salem Warthogs : RHP Huck Christopher
Pitching: RHP Jayce Jarvis
Batting: LHB Nathan Bell 0-0: Ball
1-0: Foul Ball, location: 2F
1-1: Foul Ball, location: 2F
1-2: Foul Ball, location: 2F
1-2: Ground out U3 (Groundball, 3S, EV 63.1 MPH)
Batting: RHB Braden Sacks 0-0: Called Strike
0-1: Ball
1-1: Ball
2-1: Ball
3-1: Base on Balls
Batting: LHB Kentrellis Donciu 0-0: Foul Ball, location: 2F
0-1: Ball
1-1: Grounds into double play, 3-6-3 (Groundball, 3, EV 98.8 MPH)
Top of the 9th over - 0 runs, 0 hits, 0 errors, 0 left on base; Annapolis 3 - Winston-Salem 5
Tuesday, May 7th , 2024 - OOTP Baseball 23.10 Build 110